 Dungeon Crawl Stone Soup version 0.23.2-1-ga50397a (webtiles) character file.

Game seed: 10154054853912491506

36 MalarOregon the Grave Robber (level 3, -3/26 HPs)
             Began as a Ghoul Necromancer on May 26, 2019.
             Slain by an iguana (14 damage)
             ... on level 1 of the Dungeon.
             The game lasted 00:01:29 (1925 turns).

MalarOregon the Grave Robber (Ghoul Necromancer)    Turns: 1925, Time: 00:01:29

Health: -3/26      AC:  2    Str: 11    XL:     3   Next: 37%
Magic:  1/5        EV: 12    Int: 10    God:
Gold:   36         SH:  0    Dex: 10    Spells: 5/6 levels left

rFire    . . .     SeeInvis .   g - +0 hunting sling
rCold    + . .     Gourm    .   (no shield)
rNeg     + + +     Faith    .   a - +0 robe
rPois    ∞         Spirit   .   (no helmet)
rElec    .         Reflect  .   (no cloak)
rCorr    .         Harm     .   (no gloves)
MR       .....                  (no boots)
Stlth    ++........             (no amulet)
HPRegen  0.00/turn              (no ring)
MPRegen  0.09/turn              (no ring)

@: rotting
A: rotting body, claws 1, carnivore, cold resistance 1, negative energy
resistance 3, inhibited regeneration, torment resistance, unbreathing
a: no special abilities


You were on level 1 of the Dungeon.
You were not hungry.

You visited 1 branch of the dungeon, and saw 2 of its levels.

You collected 36 gold pieces.

Inventory:

Hand Weapons
 g - a +0 hunting sling (weapon)
   (You found it on level 1 of the Dungeon)
Missiles
 c - 28 sling bullets (quivered)
 f - 50 stones
Armour
 a - a +0 robe (worn)
Jewellery
 o - an uncursed ring of poison resistance {unknown}
   (You found it on level 1 of the Dungeon)
Scrolls
 h - a scroll of teleportation {@r4}
 j - a scroll of immolation {unknown}
 k - a scroll of blinking {unknown}
 m - a scroll of identify {unknown}
Potions
 b - 2 potions of mutation {unknown}
 i - a potion of heal wounds {unknown}
 l - a potion of agility {unknown}
 n - 2 potions of lignification {unknown}
Comestibles
 e - 3 rations {!d}


   Skills:
 + Level 2.2 Dodging
 + Level 2.8 Stealth
 + Level 2.1 Spellcasting
 + Level 4.3 Necromancy


You had 5 spell levels left.
You knew the following spells:

 Your Spells              Type           Power        Failure   Level  Hunger
a - Pain                  Necr           #...         5%          1    ##.....

Your spell library contained the following spells:

 Spells                   Type           Power        Failure   Level  Hunger
 Animate Skeleton         Necr           N/A          5%          1    ##.....
 Vampiric Draining        Necr           #.........   16%         3    ####...
 Regeneration             Chrm/Necr      #.........   36%         3    ####...
 Animate Dead             Necr           N/A          45%         4    #####..


Dungeon Overview and Level Annotations

Branches:
Dungeon (2/15)

Altars:


Innate Abilities, Weirdness & Mutations

Your body is rotting away.
You thrive on raw meat.
You are immune to poison.
You have sharp fingernails.
You are carnivorous and can eat meat at any time.
Your flesh is cold resistant. (rC+)
You are immune to negative energy. (rN+++)
You do not regenerate when monsters are visible.
You are immune to unholy pain and torment.
You can survive without breathing.


Message History

You shoot a sling bullet. The jackal barks!
The sling bullet hits the iguana.
A jackal comes into view.
Firing (i - inventory. (/) - cycle)
c - 33 sling bullets (quivered)
Aim: a jackal You shoot a sling bullet.
The sling bullet completely misses the jackal.
The sling bullet hits the jackal.
A jackal comes into view.
Firing (i - inventory. (/) - cycle)
c - 32 sling bullets (quivered)
Aim: a jackal You shoot a sling bullet.
The sling bullet closely misses the iguana.
The sling bullet hits the jackal but does no damage.
A jackal comes into view.
Firing (i - inventory. (/) - cycle)
c - 31 sling bullets (quivered)
Aim: an iguana (heavily wounded)
You shoot a sling bullet. The jackal barks!
The sling bullet hits the iguana.
The iguana bites you.
Firing (i - inventory. (/) - cycle)
c - 30 sling bullets (quivered)
Aim: an iguana (severely wounded)
You shoot a sling bullet.
The sling bullet barely misses the iguana.
The iguana closely misses you.
Firing (i - inventory. (/) - cycle)
c - 29 sling bullets (quivered)
Aim: an iguana (severely wounded)
You shoot a sling bullet.
The sling bullet barely misses the iguana.
The jackal misses you. The iguana bites you. The jackal barely misses you.
The iguana bites you.
* * * LOW HITPOINT WARNING * * *
The jackal misses you.
You climb upwards.
There is a stone staircase leading down here.
Unknown command.
Aim: a jackal (almost dead, chance to defeat MR: 76%)
The jackal writhes in agony.
You kill the jackal!
The iguana bites you.
* * * LOW HITPOINT WARNING * * *
Aim: an iguana (severely wounded, chance to defeat MR: 68%)
The iguana writhes in agony.
The iguana closely misses you.
Aim: an iguana (almost dead, chance to defeat MR: 68%)
The iguana writhes in agony.
The iguana closely misses you.
Aim: an iguana (almost dead, chance to defeat MR: 68%)
The iguana struggles to resist.
The iguana bites you!
Ouch! That really hurt!
You die...

#.# #.#.## #.# #####.#.## #.#
#......... #.# ######.#.##
########## #.# #.#........
##........###)####.#....#.##
#.........................##
#..########.................
#..# #.....@................
#..# #....l...##.#..###.#.##
#..# #.####.#.##.#........##
#..# #.# #.#.##....###..... #..#
#.# #...............## #..#
#.####.#)###...###...##
#####..###......................
#...............#.###...###...##
######............# ##..# #...##


You could see an iguana.

Vanquished Creatures
  An ooze (D:1)
  2 dart slugs (D:1)
  A giant cockroach (D:1)
  2 hobgoblins (D:1)
  4 jackals (D:1)
  6 bats (D:1)
  2 frilled lizards (D:1)
  4 goblins (D:1)
  5 kobolds (D:1)
  A rat (D:1)
28 creatures vanquished.

Notes
Turn   | Place    | Note
-------+----------+-------------------------------------------
     0 | D:1      | MalarOregon the Ghoul Necromancer began the quest for the
                  | Orb.
     0 | D:1      | Reached XP level 1. HP: 14/14 MP: 2/2
  1160 | D:1      | Reached XP level 2. HP: 20/20 MP: 3/3
  1354 | D:1      | Reached XP level 3. HP: 26/26 MP: 5/5
  1925 | D:1      | Slain by an iguana

Skill      XL: |  1  2 |
---------------+-------+-----
Dodging        | 2 |  2.2
Spellcasting   | 2 |  2.1
Stealth        | |  2.8
Necromancy     | |  4.3

Action                   || total
-------------------------++-------
Melee: Unarmed           ||    20
 Fire: Hunting sling     ||    75
 Cast: Pain              ||     8
  Use: Scroll            ||     1
  Eat: Chunk             ||     5
Armor: Robe              ||     6
Dodge: Dodged            ||    36
